Workbook
Name Footnote: Series!$A$1:$I$1333
Name ItemCode: Series!$A$1:$M$5374
Name Itemname: Item!$A$1:$F$400

Sheet Wine Sales 15-16
A1: Sum of value | B1: Column Labels
A2: Row Labels | B2: January | C2: February | D2: March | E2: April | F2: May | G2: June | H2: July | I2: August | J2: September | K2: October | L2: November | M2: December | N2: Grand Total
A3: 2015 | B3: 36.405 | C3: 36.203 | D3: 35.987 | E3: 35.602 | F3: 34.894 | G3: 34.714 | H3: 34.645 | I3: 34.834 | J3: 34.864 | K3: 36.555 | L3: 36.103 | M3: 35.664 | N3: 426.47
A4: Wine, red and white table, all sizes, any origin, per 1 liter (33.8 oz) | B4: 36.405 | C4: 36.203 | D4: 35.987 | E4: 35.602 | F4: 34.894 | G4: 34.714 | H4: 34.645 | I4: 34.834 | J4: 34.864 | K4: 36.555 | L4: 36.103 | M4: 35.664 | N4: 426.47
A5: 2016 | B5: 35.672 | C5: 35.958 | D5: 36.128 | E5: 36.389 | F5: 35.794 | G5: 36.368 | H5: 36.216 | I5: 36.161 | J5: 36.56 | K5: 35.769 | L5: 35.335 | M5: 35.432 | N5: 431.782
A6: Wine, red and white table, all sizes, any origin, per 1 liter (33.8 oz) | B6: 35.672 | C6: 35.958 | D6: 36.128 | E6: 36.389 | F6: 35.794 | G6: 36.368 | H6: 36.216 | I6: 36.161 | J6: 36.56 | K6: 35.769 | L6: 35.335 | M6: 35.432 | N6: 431.782
A7: Grand Total | B7: 72.077 | C7: 72.161 | D7: 72.115 | E7: 71.991 | F7: 70.688 | G7: 71.082 | H7: 70.861 | I7: 70.995 | J7: 71.424 | K7: 72.324 | L7: 71.438 | M7: 71.096 | N7: 858.252
A15: Row Labels | B15: Sum of January | C15: Sum of February | D15: Sum of March | E15: Sum of April | F15: Sum of May | G15: Sum of June | H15: Sum of July | I15: Sum of August | J15: Sum of September | K15: Sum of October | L15: Sum of November | M15: Sum of December
A16: 2015 | B16: 36.405 | C16: 36.203 | D16: 35.987 | E16: 35.602 | F16: 34.894 | G16: 34.714 | H16: 34.645 | I16: 34.834 | J16: 34.864 | K16: 36.555 | L16: 36.103 | M16: 35.664
A17: 2016 | B17: 35.672 | C17: 35.958 | D17: 36.128 | E17: 36.389 | F17: 35.794 | G17: 36.368 | H17: 36.216 | I17: 36.161 | J17: 36.56 | K17: 35.769 | L17: 35.335 | M17: 35.432
A18: Grand Total | B18: 72.077 | C18: 72.161 | D18: 72.115 | E18: 71.991 | F18: 70.688 | G18: 71.082 | H18: 70.861 | I18: 70.995 | J18: 71.424 | K18: 72.324 | L18: 71.438 | M18: 71.096

Sheet All_Items
A1: series_id | B1: Year | C1: period value | D1: value | E1: item code | F1: item name | G1: area code | H1: area name | I1: period month
A2: APU0000FD2101 | B2: 2013 | C2: M01 | D2: 2.693 | E2: =VLOOKUP(A2,Series!A:C,3,FALSE) -> FD2101 | F2: =VLOOKUP(E2,Item!A:B,2,FALSE) -> All Ham (Excluding Canned Ham and Luncheon Slices), per lb. (453.6 gm) | G2: =VLOOKUP(A2,Series!A:B,2,FALSE) -> 0 | H2: =VLOOKUP(G2,Area!A:B,2,FALSE) -> U.S. city average | I2: =VLOOKUP(C2,Dates!A:C,3,FALSE) -> January
A3: APU0000FD2101 | B3: 2013 | C3: M02 | D3: 2.633 | E3: =VLOOKUP(A3,Series!A:C,3,FALSE) -> FD2101 | F3: =VLOOKUP(E3,Item!A:B,2,FALSE) -> All Ham (Excluding Canned Ham and Luncheon Slices), per lb. (453.6 gm) | G3: =VLOOKUP(A3,Series!A:B,2,FALSE) -> 0 | H3: =VLOOKUP(G3,Area!A:B,2,FALSE) -> U.S. city average | I3: =VLOOKUP(C3,Dates!A:C,3,FALSE) -> February
A4: APU0000FD2101 | B4: 2013 | C4: M03 | D4: 2.777 | E4: =VLOOKUP(A4,Series!A:C,3,FALSE) -> FD2101 | F4: =VLOOKUP(E4,Item!A:B,2,FALSE) -> All Ham (Excluding Canned Ham and Luncheon Slices), per lb. (453.6 gm) | G4: =VLOOKUP(A4,Series!A:B,2,FALSE) -> 0 | H4: =VLOOKUP(G4,Area!A:B,2,FALSE) -> U.S. city average | I4: =VLOOKUP(C4,Dates!A:C,3,FALSE) -> March
A5: APU0000FD2101 | B5: 2013 | C5: M04 | D5: 2.69 | E5: =VLOOKUP(A5,Series!A:C,3,FALSE) -> FD2101 | F5: =VLOOKUP(E5,Item!A:B,2,FALSE) -> All Ham (Excluding Canned Ham and Luncheon Slices), per lb. (453.6 gm) | G5: =VLOOKUP(A5,Series!A:B,2,FALSE) -> 0 | H5: =VLOOKUP(G5,Area!A:B,2,FALSE) -> U.S. city average | I5: =VLOOKUP(C5,Dates!A:C,3,FALSE) -> April
A6: APU0000FD2101 | B6: 2013 | C6: M05 | D6: 2.743 | E6: =VLOOKUP(A6,Series!A:C,3,FALSE) -> FD2101 | F6: =VLOOKUP(E6,Item!A:B,2,FALSE) -> All Ham (Excluding Canned Ham and Luncheon Slices), per lb. (453.6 gm) | G6: =VLOOKUP(A6,Series!A:B,2,FALSE) -> 0 | H6: =VLOOKUP(G6,Area!A:B,2,FALSE) -> U.S. city average | I6: =VLOOKUP(C6,Dates!A:C,3,FALSE) -> May
A7: APU0000FD2101 | B7: 2013 | C7: M06 | D7: 2.869 | E7: =VLOOKUP(A7,Series!A:C,3,FALSE) -> FD2101 | F7: =VLOOKUP(E7,Item!A:B,2,FALSE) -> All Ham (Excluding Canned Ham and Luncheon Slices), per lb. (453.6 gm) | G7: =VLOOKUP(A7,Series!A:B,2,FALSE) -> 0 | H7: =VLOOKUP(G7,Area!A:B,2,FALSE) -> U.S. city average | I7: =VLOOKUP(C7,Dates!A:C,3,FALSE) -> June
A8: APU0000FD2101 | B8: 2013 | C8: M07 | D8: 2.837 | E8: =VLOOKUP(A8,Series!A:C,3,FALSE) -> FD2101 | F8: =VLOOKUP(E8,Item!A:B,2,FALSE) -> All Ham (Excluding Canned Ham and Luncheon Slices), per lb. (453.6 gm) | G8: =VLOOKUP(A8,Series!A:B,2,FALSE) -> 0 | H8: =VLOOKUP(G8,Area!A:B,2,FALSE) -> U.S. city average | I8: =VLOOKUP(C8,Dates!A:C,3,FALSE) -> July
A9: APU0000FD2101 | B9: 2013 | C9: M08 | D9: 2.906 | E9: =VLOOKUP(A9,Series!A:C,3,FALSE) -> FD2101 | F9: =VLOOKUP(E9,Item!A:B,2,FALSE) -> All Ham (Excluding Canned Ham and Luncheon Slices), per lb. (453.6 gm) | G9: =VLOOKUP(A9,Series!A:B,2,FALSE) -> 0 | H9: =VLOOKUP(G9,Area!A:B,2,FALSE) -> U.S. city average | I9: =VLOOKUP(C9,Dates!A:C,3,FALSE) -> August
A10: APU0000FD2101 | B10: 2013 | C10: M09 | D10: 2.921 | E10: =VLOOKUP(A10,Series!A:C,3,FALSE) -> FD2101 | F10: =VLOOKUP(E10,Item!A:B,2,FALSE) -> All Ham (Excluding Canned Ham and Luncheon Slices), per lb. (453.6 gm) | G10: =VLOOKUP(A10,Series!A:B,2,FALSE) -> 0 | H10: =VLOOKUP(G10,Area!A:B,2,FALSE) -> U.S. city average | I10: =VLOOKUP(C10,Dates!A:C,3,FALSE) -> September
A11: APU0000FD2101 | B11: 2013 | C11: M10 | D11: 2.947 | E11: =VLOOKUP(A11,Series!A:C,3,FALSE) -> FD2101 | F11: =VLOOKUP(E11,Item!A:B,2,FALSE) -> All Ham (Excluding Canned Ham and Luncheon Slices), per lb. (453.6 gm) | G11: =VLOOKUP(A11,Series!A:B,2,FALSE) -> 0 | H11: =VLOOKUP(G11,Area!A:B,2,FALSE) -> U.S. city average | I11: =VLOOKUP(C11,Dates!A:C,3,FALSE) -> October
A12: APU0000FD2101 | B12: 2013 | C12: M11 | D12: 2.805 | E12: =VLOOKUP(A12,Series!A:C,3,FALSE) -> FD2101 | F12: =VLOOKUP(E12,Item!A:B,2,FALSE) -> All Ham (Excluding Canned Ham and Luncheon Slices), per lb. (453.6 gm) | G12: =VLOOKUP(A12,Series!A:B,2,FALSE) -> 0 | H12: =VLOOKUP(G12,Area!A:B,2,FALSE) -> U.S. city average | I12: =VLOOKUP(C12,Dates!A:C,3,FALSE) -> November
A13: APU0000FD2101 | B13: 2013 | C13: M12 | D13: 2.725 | E13: =VLOOKUP(A13,Series!A:C,3,FALSE) -> FD2101 | F13: =VLOOKUP(E13,Item!A:B,2,FALSE) -> All Ham (Excluding Canned Ham and Luncheon Slices), per lb. (453.6 gm) | G13: =VLOOKUP(A13,Series!A:B,2,FALSE) -> 0 | H13: =VLOOKUP(G13,Area!A:B,2,FALSE) -> U.S. city average | I13: =VLOOKUP(C13,Dates!A:C,3,FALSE) -> December
... A7541: APU0200706311 | B7541: 2017 | C7541: M07 | D7541: 1.48 | E7541: =VLOOKUP(A7541,Series!A:C,3,FALSE) -> 706311 | F7541: =VLOOKUP(E7541,Item!A:B,2,FALSE) -> Turkey, frozen, whole, per lb. (453.6 gm) | G7541: =VLOOKUP(A7541,Series!A:B,2,FALSE) -> 200 | H7541: =VLOOKUP(G7541,Area!A:B,2,FALSE) -> Midwest urban | I7541: =VLOOKUP(C7541,Dates!A:C,3,FALSE) -> July

Sheet Series
A1: series_id | B1: area_code | C1: item_code | D1: series_title | E1: footnote_codes | F1: begin_year | G1: begin_period | H1: end_year | I1: end_period
A2: APU0000701111 | B2: 0 | C2: 701111 | D2: Flour, white, all purpose, per lb. (453.6 gm) in U.S. city average, average price, not seasonally adjusted | F2: 1980 | G2: M01 | H2: 2017 | I2: M07
A3: APU0000701311 | B3: 0 | C3: 701311 | D3: Rice, white, long grain, precooked (cost per pound/453.6 grams) in U.S. city average, average price, not seasonally adjusted | F3: 1980 | G3: M01 | H3: 1981 | I3: M12
A4: APU0000701312 | B4: 0 | C4: 701312 | D4: Rice, white, long grain, uncooked, per lb. (453.6 gm) in U.S. city average, average price, not seasonally adjusted | F4: 1980 | G4: M01 | H4: 2017 | I4: M07
A5: APU0000701321 | B5: 0 | C5: 701321 | D5: Spaghetti (cost per pound/453.6 grams) in U.S. city average, average price, not seasonally adjusted | F5: 1980 | G5: M01 | H5: 1981 | I5: M03
A6: APU0000701322 | B6: 0 | C6: 701322 | D6: Spaghetti and macaroni, per lb. (453.6 gm) in U.S. city average, average price, not seasonally adjusted | F6: 1984 | G6: M01 | H6: 2017 | I6: M07
A7: APU0000702111 | B7: 0 | C7: 702111 | D7: Bread, white, pan, per lb. (453.6 gm) in U.S. city average, average price, not seasonally adjusted | F7: 1980 | G7: M01 | H7: 2017 | I7: M07
A8: APU0000702112 | B8: 0 | C8: 702112 | D8: Bread, French, per lb. (453.6 gm) in U.S. city average, average price, not seasonally adjusted | F8: 1980 | G8: M01 | H8: 2016 | I8: M09
A9: APU0000702211 | B9: 0 | C9: 702211 | D9: Bread, rye, pan (cost per pound/453.6 grams) in U.S. city average, average price, not seasonally adjusted | F9: 1980 | G9: M01 | H9: 1981 | I9: M12
A10: APU0000702212 | B10: 0 | C10: 702212 | D10: Bread, whole wheat, pan, per lb. (453.6 gm) in U.S. city average, average price, not seasonally adjusted | F10: 1980 | G10: M01 | H10: 2017 | I10: M07
A11: APU0000702213 | B11: 0 | C11: 702213 | D11: Bread, wheat blend, pan (cost per pound/453.6 grams) in U.S. city average, average price, not seasonally adjusted | F11: 1980 | G11: M01 | H11: 1981 | I11: M12
A12: APU0000702221 | B12: 0 | C12: 702221 | D12: Rolls, hamburger (cost per pound/453.6 grams) in U.S. city average, average price, not seasonally adjusted | F12: 1980 | G12: M01 | H12: 1984 | I12: M09
A13: APU0000702411 | B13: 0 | C13: 702411 | D13: Cupcakes, chocolate (cost per pound/453.6 grams) in U.S. city average, average price, not seasonally adjusted | F13: 1980 | G13: M01 | H13: 1986 | I13: M12
... A146: APU000074717 | B146: 0 | C146: 74717 | D146: Automotive diesel fuel, per gallon/3.785 liters in U.S. city average, average price, not seasonally adjusted | F146: 1998 | G146: M01 | H146: 2017 | I146: M07
A147: APU00007471A | B147: 0 | C147: 7471A | D147: Gasoline, all types, per gallon/3.785 liters in U.S. city average, average price, not seasonally adjusted | F147: 1978 | G147: M01 | H147: 2017 | I147: M07
A148: APU0000FC1101 | B148: 0 | C148: FC1101 | D148: All uncooked ground beef, per lb. (453.6 gm) in U.S. city average, average price, not seasonally adjusted | F148: 1998 | G148: M01 | H148: 2017 | I148: M07
A149: APU0000FC2101 | B149: 0 | C149: FC2101 | D149: All Uncooked Beef Roasts, per lb. (453.6 gm) in U.S. city average, average price, not seasonally adjusted | F149: 1998 | G149: M01 | H149: 2017 | I149: M07
A150: APU0000FC3101 | B150: 0 | C150: FC3101 | D150: All Uncooked Beef Steaks, per lb. (453.6 gm) in U.S. city average, average price, not seasonally adjusted | F150: 1998 | G150: M01 | H150: 2017 | I150: M07
A151: APU0000FC4101 | B151: 0 | C151: FC4101 | D151: All Uncooked Other Beef (Excluding Veal), per lb. (453.6 gm) in U.S. city average, average price, not seasonally adjusted | F151: 1998 | G151: M01 | H151: 2017 | I151: M07
A152: APU0000FD2101 | B152: 0 | C152: FD2101 | D152: All Ham (Excluding Canned Ham and Luncheon Slices), per lb. (453.6 gm) in U.S. city average, average price, not seasonally adjusted | F152: 1998 | G152: M01 | H152: 2017 | I152: M07
A153: APU0000FD3101 | B153: 0 | C153: FD3101 | D153: All Pork Chops, per lb. (453.6 gm) in U.S. city average, average price, not seasonally adjusted | F153: 1998 | G153: M01 | H153: 2017 | I153: M07
A154: APU0000FD4101 | B154: 0 | C154: FD4101 | D154: All Other Pork (Excluding Canned Ham and Luncheon Slices), per lb. (453.6 gm) in U.S. city average, average price, not seasonally adjusted | F154: 1998 | G154: M01 | H154: 2017 | I154: M07
A155: APU0000FF1101 | B155: 0 | C155: FF1101 | D155: Chicken breast, boneless, per lb. (453.6 gm) in U.S. city average, average price, not seasonally adjusted | F155: 2006 | G155: M01 | H155: 2017 | I155: M07
A156: APU0000FL2101 | B156: 0 | C156: FL2101 | D156: Lettuce, romaine, per lb. (453.6 gm) in U.S. city average, average price, not seasonally adjusted | F156: 2006 | G156: M01 | H156: 2017 | I156: M07
A157: APU0100701111 | B157: 100 | C157: 701111 | D157: Flour, white, all purpose, per lb. (453.6 gm) in Northeast urban, average price, not seasonally adjusted | F157: 1980 | G157: M01 | H157: 2016 | I157: M10
A158: APU0100701311 | B158: 100 | C158: 701311 | D158: Rice, white, long grain, precooked (cost per pound/453.6 grams) in Northeast urban, average price, not seasonally adjusted | F158: 1980 | G158: M01 | H158: 1985 | I158: M11
A159: APU0100701312 | B159: 100 | C159: 701312 | D159: Rice, white, long grain, uncooked, per lb. (453.6 gm) in Northeast urban, average price, not seasonally adjusted | F159: 1980 | G159: M01 | H159: 1997 | I159: M09
A160: APU0100701321 | B160: 100 | C160: 701321 | D160: Spaghetti (cost per pound/453.6 grams) in Northeast urban, average price, not seasonally adjusted | F160: 1980 | G160: M01 | H160: 1980 | I160: M10
A161: APU0100701322 | B161: 100 | C161: 701322 | D161: Spaghetti and macaroni, per lb. (453.6 gm) in Northeast urban, average price, not seasonally adjusted | F161: 1984 | G161: M01 | H161: 2017 | I161: M04
A162: APU0100702111 | B162: 100 | C162: 702111 | D162: Bread, white, pan, per lb. (453.6 gm) in Northeast urban, average price, not seasonally adjusted | F162: 1980 | G162: M01 | H162: 2017 | I162: M07
A163: APU0100702212 | B163: 100 | C163: 702212 | D163: Bread, whole wheat, pan, per lb. (453.6 gm) in Northeast urban, average price, not seasonally adjusted | F163: 1980 | G163: M12 | H163: 2016 | I163: M10
A164: APU0100702221 | B164: 100 | C164: 702221 | D164: Rolls, hamburger (cost per pound/453.6 grams) in Northeast urban, average price, not seasonally adjusted | F164: 1980 | G164: M01 | H164: 1981 | I164: M12
A165: APU0100702411 | B165: 100 | C165: 702411 | D165: Cupcakes, chocolate (cost per pound/453.6 grams) in Northeast urban, average price, not seasonally adjusted | F165: 1980 | G165: M01 | H165: 1985 | I165: M05
A166: APU0100702421 | B166: 100 | C166: 702421 | D166: Cookies, chocolate chip, per lb. (453.6 gm) in Northeast urban, average price, not seasonally adjusted | F166: 1980 | G166: M01 | H166: 1987 | I166: M03
A167: APU0100702611 | B167: 100 | C167: 702611 | D167: Crackers, soda, salted, per lb. (453.6 gm) in Northeast urban, average price, not seasonally adjusted | F167: 1980 | G167: M01 | H167: 1981 | I167: M12
A168: APU0100703111 | B168: 100 | C168: 703111 | D168: Ground chuck, 100% beef, per lb. (453.6 gm) in Northeast urban, average price, not seasonally adjusted | F168: 1980 | G168: M01 | H168: 2016 | I168: M10
... A278: APU010074717 | B278: 100 | C278: 74717 | D278: Automotive diesel fuel, per gallon/3.785 liters in Northeast urban, average price, not seasonally adjusted | F278: 1998 | G278: M01 | H278: 2017 | I278: M07
A279: APU01007471A | B279: 100 | C279: 7471A | D279: Gasoline, all types, per gallon/3.785 liters in Northeast urban, average price, not seasonally adjusted | F279: 1978 | G279: M01 | H279: 2017 | I279: M07
A280: APU0100FC1101 | B280: 100 | C280: FC1101 | D280: All uncooked ground beef, per lb. (453.6 gm) in Northeast urban, average price, not seasonally adjusted | F280: 1998 | G280: M01 | H280: 2017 | I280: M07
A281: APU0100FC2101 | B281: 100 | C281: FC2101 | D281: All Uncooked Beef Roasts, per lb. (453.6 gm) in Northeast urban, average price, not seasonally adjusted | F281: 1998 | G281: M01 | H281: 2017 | I281: M07
A282: APU0100FC3101 | B282: 100 | C282: FC3101 | D282: All Uncooked Beef Steaks, per lb. (453.6 gm) in Northeast urban, average price, not seasonally adjusted | F282: 1998 | G282: M01 | H282: 2017 | I282: M07
A283: APU0100FC4101 | B283: 100 | C283: FC4101 | D283: All Uncooked Other Beef (Excluding Veal), per lb. (453.6 gm) in Northeast urban, average price, not seasonally adjusted | F283: 1998 | G283: M01 | H283: 2017 | I283: M07
A284: APU0100FD2101 | B284: 100 | C284: FD2101 | D284: All Ham (Excluding Canned Ham and Luncheon Slices), per lb. (453.6 gm) in Northeast urban, average price, not seasonally adjusted | F284: 1998 | G284: M01 | H284: 2017 | I284: M07
A285: APU0100FD3101 | B285: 100 | C285: FD3101 | D285: All Pork Chops, per lb. (453.6 gm) in Northeast urban, average price, not seasonally adjusted | F285: 1998 | G285: M01 | H285: 2017 | I285: M07
A286: APU0100FD4101 | B286: 100 | C286: FD4101 | D286: All Other Pork (Excluding Canned Ham and Luncheon Slices), per lb. (453.6 gm) in Northeast urban, average price, not seasonally adjusted | F286: 1998 | G286: M01 | H286: 2017 | I286: M07
A287: APU0100FF1101 | B287: 100 | C287: FF1101 | D287: Chicken breast, boneless, per lb. (453.6 gm) in Northeast urban, average price, not seasonally adjusted | F287: 2006 | G287: M05 | H287: 2017 | I287: M07
A288: APU0200701111 | B288: 200 | C288: 701111 | D288: Flour, white, all purpose, per lb. (453.6 gm) in Midwest urban, average price, not seasonally adjusted | F288: 1980 | G288: M01 | H288: 2017 | I288: M07
A289: APU0200701311 | B289: 200 | C289: 701311 | D289: Rice, white, long grain, precooked (cost per pound/453.6 grams) in Midwest urban, average price, not seasonally adjusted | F289: 1980 | G289: M01 | H289: 1984 | I289: M01
A290: APU0200701321 | B290: 200 | C290: 701321 | D290: Spaghetti (cost per pound/453.6 grams) in Midwest urban, average price, not seasonally adjusted | F290: 1980 | G290: M01 | H290: 1981 | I290: M12
A291: APU0200701322 | B291: 200 | C291: 701322 | D291: Spaghetti and macaroni, per lb. (453.6 gm) in Midwest urban, average price, not seasonally adjusted | F291: 1984 | G291: M01 | H291: 2017 | I291: M07
A292: APU0200702111 | B292: 200 | C292: 702111 | D292: Bread, white, pan, per lb. (453.6 gm) in Midwest urban, average price, not seasonally adjusted | F292: 1980 | G292: M01 | H292: 2017 | I292: M07
A293: APU0200702112 | B293: 200 | C293: 702112 | D293: Bread, French, per lb. (453.6 gm) in Midwest urban, average price, not seasonally adjusted | F293: 1980 | G293: M09 | H293: 1986 | I293: M05
A294: APU0200702211 | B294: 200 | C294: 702211 | D294: Bread, rye, pan (cost per pound/453.6 grams) in Midwest urban, average price, not seasonally adjusted | F294: 1980 | G294: M01 | H294: 1983 | I294: M06
A295: APU0200702212 | B295: 200 | C295: 702212 | D295: Bread, whole wheat, pan, per lb. (453.6 gm) in Midwest urban, average price, not seasonally adjusted | F295: 1980 | G295: M01 | H295: 2017 | I295: M07
A296: APU0200702221 | B296: 200 | C296: 702221 | D296: Rolls, hamburger (cost per pound/453.6 grams) in Midwest urban, average price, not seasonally adjusted | F296: 1980 | G296: M01 | H296: 1985 | I296: M09
A297: APU0200702411 | B297: 200 | C297: 702411 | D297: Cupcakes, chocolate (cost per pound/453.6 grams) in Midwest urban, average price, not seasonally adjusted | F297: 1980 | G297: M01 | H297: 1987 | I297: M07
A298: APU0200702421 | B298: 200 | C298: 702421 | D298: Cookies, chocolate chip, per lb. (453.6 gm) in Midwest urban, average price, not seasonally adjusted | F298: 1980 | G298: M01 | H298: 2017 | I298: M07
A299: APU0200702611 | B299: 200 | C299: 702611 | D299: Crackers, soda, salted, per lb. (453.6 gm) in Midwest urban, average price, not seasonally adjusted | F299: 1980 | G299: M01 | H299: 1989 | I299: M07
... A419: APU020074717 | B419: 200 | C419: 74717 | D419: Automotive diesel fuel, per gallon/3.785 liters in Midwest urban, average price, not seasonally adjusted | F419: 1998 | G419: M01 | H419: 2017 | I419: M07
A420: APU02007471A | B420: 200 | C420: 7471A | D420: Gasoline, all types, per gallon/3.785 liters in Midwest urban, average price, not seasonally adjusted | F420: 1978 | G420: M01 | H420: 2017 | I420: M07
A421: APU0200FC1101 | B421: 200 | C421: FC1101 | D421: All uncooked ground beef, per lb. (453.6 gm) in Midwest urban, average price, not seasonally adjusted | F421: 1998 | G421: M01 | H421: 2017 | I421: M07
A422: APU0200FC2101 | B422: 200 | C422: FC2101 | D422: All Uncooked Beef Roasts, per lb. (453.6 gm) in Midwest urban, average price, not seasonally adjusted | F422: 1998 | G422: M01 | H422: 2017 | I422: M07
A423: APU0200FC3101 | B423: 200 | C423: FC3101 | D423: All Uncooked Beef Steaks, per lb. (453.6 gm) in Midwest urban, average price, not seasonally adjusted | F423: 1998 | G423: M01 | H423: 2017 | I423: M07
A424: APU0200FC4101 | B424: 200 | C424: FC4101 | D424: All Uncooked Other Beef (Excluding Veal), per lb. (453.6 gm) in Midwest urban, average price, not seasonally adjusted | F424: 1998 | G424: M01 | H424: 2017 | I424: M07
A425: APU0200FD2101 | B425: 200 | C425: FD2101 | D425: All Ham (Excluding Canned Ham and Luncheon Slices), per lb. (453.6 gm) in Midwest urban, average price, not seasonally adjusted | F425: 1998 | G425: M01 | H425: 2017 | I425: M07
A426: APU0200FD3101 | B426: 200 | C426: FD3101 | D426: All Pork Chops, per lb. (453.6 gm) in Midwest urban, average price, not seasonally adjusted | F426: 1998 | G426: M01 | H426: 2017 | I426: M07
A427: APU0200FD4101 | B427: 200 | C427: FD4101 | D427: All Other Pork (Excluding Canned Ham and Luncheon Slices), per lb. (453.6 gm) in Midwest urban, average price, not seasonally adjusted | F427: 1998 | G427: M01 | H427: 2017 | I427: M07
A428: APU0200FF1101 | B428: 200 | C428: FF1101 | D428: Chicken breast, boneless, per lb. (453.6 gm) in Midwest urban, average price, not seasonally adjusted | F428: 2006 | G428: M01 | H428: 2017 | I428: M07
A429: APU0200FL2101 | B429: 200 | C429: FL2101 | D429: Lettuce, romaine, per lb. (453.6 gm) in Midwest urban, average price, not seasonally adjusted | F429: 2006 | G429: M06 | H429: 2016 | I429: M10
A430: APU0300701111 | B430: 300 | C430: 701111 | D430: Flour, white, all purpose, per lb. (453.6 gm) in South urban, average price, not seasonally adjusted | F430: 1980 | G430: M01 | H430: 2017 | I430: M07
A431: APU0300701312 | B431: 300 | C431: 701312 | D431: Rice, white, long grain, uncooked, per lb. (453.6 gm) in South urban, average price, not seasonally adjusted | F431: 1980 | G431: M01 | H431: 2017 | I431: M07
A432: APU0300701321 | B432: 300 | C432: 701321 | D432: Spaghetti (cost per pound/453.6 grams) in South urban, average price, not seasonally adjusted | F432: 1980 | G432: M01 | H432: 1980 | I432: M06
A433: APU0300701322 | B433: 300 | C433: 701322 | D433: Spaghetti and macaroni, per lb. (453.6 gm) in South urban, average price, not seasonally adjusted | F433: 1984 | G433: M01 | H433: 2017 | I433: M07
A434: APU0300702111 | B434: 300 | C434: 702111 | D434: Bread, white, pan, per lb. (453.6 gm) in South urban, average price, not seasonally adjusted | F434: 1980 | G434: M01 | H434: 2017 | I434: M07
A435: APU0300702112 | B435: 300 | C435: 702112 | D435: Bread, French, per lb. (453.6 gm) in South urban, average price, not seasonally adjusted | F435: 1980 | G435: M01 | H435: 2000 | I435: M10
A436: APU0300702211 | B436: 300 | C436: 702211 | D436: Bread, rye, pan (cost per pound/453.6 grams) in South urban, average price, not seasonally adjusted | F436: 1980 | G436: M01 | H436: 1981 | I436: M12
A437: APU0300702212 | B437: 300 | C437: 702212 | D437: Bread, whole wheat, pan, per lb. (453.6 gm) in South urban, average price, not seasonally adjusted | F437: 1980 | G437: M01 | H437: 2017 | I437: M07
A438: APU0300702213 | B438: 300 | C438: 702213 | D438: Bread, wheat blend, pan (cost per pound/453.6 grams) in South urban, average price, not seasonally adjusted | F438: 1980 | G438: M01 | H438: 1980 | I438: M08
A439: APU0300702221 | B439: 300 | C439: 702221 | D439: Rolls, hamburger (cost per pound/453.6 grams) in South urban, average price, not seasonally adjusted | F439: 1980 | G439: M01 | H439: 1985 | I439: M10
A440: APU0300702411 | B440: 300 | C440: 702411 | D440: Cupcakes, chocolate (cost per pound/453.6 grams) in South urban, average price, not seasonally adjusted | F440: 1980 | G440: M01 | H440: 1985 | I440: M07
A441: APU0300702421 | B441: 300 | C441: 702421 | D441: Cookies, chocolate chip, per lb. (453.6 gm) in South urban, average price, not seasonally adjusted | F441: 1980 | G441: M01 | H441: 2017 | I441: M07
... A565: APU030074717 | B565: 300 | C565: 74717 | D565: Automotive diesel fuel, per gallon/3.785 liters in South urban, average price, not seasonally adjusted | F565: 1998 | G565: M01 | H565: 2017 | I565: M07
A566: APU03007471A | B566: 300 | C566: 7471A | D566: Gasoline, all types, per gallon/3.785 liters in South urban, average price, not seasonally adjusted | F566: 1978 | G566: M01 | H566: 2017 | I566: M07
A567: APU0300FC1101 | B567: 300 | C567: FC1101 | D567: All uncooked ground beef, per lb. (453.6 gm) in South urban, average price, not seasonally adjusted | F567: 1998 | G567: M01 | H567: 2017 | I567: M07
A568: APU0300FC2101 | B568: 300 | C568: FC2101 | D568: All Uncooked Beef Roasts, per lb. (453.6 gm) in South urban, average price, not seasonally adjusted | F568: 1998 | G568: M01 | H568: 2017 | I568: M07
A569: APU0300FC3101 | B569: 300 | C569: FC3101 | D569: All Uncooked Beef Steaks, per lb. (453.6 gm) in South urban, average price, not seasonally adjusted | F569: 1998 | G569: M01 | H569: 2017 | I569: M07
A570: APU0300FC4101 | B570: 300 | C570: FC4101 | D570: All Uncooked Other Beef (Excluding Veal), per lb. (453.6 gm) in South urban, average price, not seasonally adjusted | F570: 1998 | G570: M01 | H570: 2017 | I570: M07
A571: APU0300FD2101 | B571: 300 | C571: FD2101 | D571: All Ham (Excluding Canned Ham and Luncheon Slices), per lb. (453.6 gm) in South urban, average price, not seasonally adjusted | F571: 1998 | G571: M01 | H571: 2017 | I571: M07
A572: APU0300FD3101 | B572: 300 | C572: FD3101 | D572: All Pork Chops, per lb. (453.6 gm) in South urban, average price, not seasonally adjusted | F572: 1998 | G572: M01 | H572: 2017 | I572: M07
A573: APU0300FD4101 | B573: 300 | C573: FD4101 | D573: All Other Pork (Excluding Canned Ham and Luncheon Slices), per lb. (453.6 gm) in South urban, average price, not seasonally adjusted | F573: 1998 | G573: M01 | H573: 2017 | I573: M07
A574: APU0300FF1101 | B574: 300 | C574: FF1101 | D574: Chicken breast, boneless, per lb. (453.6 gm) in South urban, average price, not seasonally adjusted | F574: 2006 | G574: M01 | H574: 2017 | I574: M07
A575: APU0300FL2101 | B575: 300 | C575: FL2101 | D575: Lettuce, romaine, per lb. (453.6 gm) in South urban, average price, not seasonally adjusted | F575: 2006 | G575: M01 | H575: 2014 | I575: M05
A576: APU0400701111 | B576: 400 | C576: 701111 | D576: Flour, white, all purpose, per lb. (453.6 gm) in West urban, average price, not seasonally adjusted | F576: 1980 | G576: M01 | H576: 2017 | I576: M07
A577: APU0400701311 | B577: 400 | C577: 701311 | D577: Rice, white, long grain, precooked (cost per pound/453.6 grams) in West urban, average price, not seasonally adjusted | F577: 1980 | G577: M01 | H577: 1981 | I577: M12
A578: APU0400701312 | B578: 400 | C578: 701312 | D578: Rice, white, long grain, uncooked, per lb. (453.6 gm) in West urban, average price, not seasonally adjusted | F578: 1980 | G578: M01 | H578: 2017 | I578: M07
A579: APU0400701322 | B579: 400 | C579: 701322 | D579: Spaghetti and macaroni, per lb. (453.6 gm) in West urban, average price, not seasonally adjusted | F579: 1988 | G579: M02 | H579: 2017 | I579: M07
A580: APU0400702111 | B580: 400 | C580: 702111 | D580: Bread, white, pan, per lb. (453.6 gm) in West urban, average price, not seasonally adjusted | F580: 1980 | G580: M01 | H580: 2017 | I580: M07
A581: APU0400702112 | B581: 400 | C581: 702112 | D581: Bread, French, per lb. (453.6 gm) in West urban, average price, not seasonally adjusted | F581: 1980 | G581: M01 | H581: 1997 | I581: M12
A582: APU0400702212 | B582: 400 | C582: 702212 | D582: Bread, whole wheat, pan, per lb. (453.6 gm) in West urban, average price, not seasonally adjusted | F582: 1980 | G582: M01 | H582: 2017 | I582: M07
A583: APU0400702213 | B583: 400 | C583: 702213 | D583: Bread, wheat blend, pan (cost per pound/453.6 grams) in West urban, average price, not seasonally adjusted | F583: 1980 | G583: M01 | H583: 1981 | I583: M12
...

Sheet Item
A1: item_code | B1: item_name
A2: 701111 | B2: Flour, white, all purpose, per lb. (453.6 gm)
A3: 701311 | B3: Rice, white, long grain, precooked (cost per pound/453.6 grams)
A4: 701312 | B4: Rice, white, long grain, uncooked, per lb. (453.6 gm)
A5: 701321 | B5: Spaghetti (cost per pound/453.6 grams)
A6: 701322 | B6: Spaghetti and macaroni, per lb. (453.6 gm)
A7: 702111 | B7: Bread, white, pan, per lb. (453.6 gm)
A8: 702112 | B8: Bread, French, per lb. (453.6 gm)
A9: 702211 | B9: Bread, rye, pan (cost per pound/453.6 grams)
A10: 702212 | B10: Bread, whole wheat, pan, per lb. (453.6 gm)
A11: 702213 | B11: Bread, wheat blend, pan (cost per pound/453.6 grams)
A12: 702221 | B12: Rolls, hamburger (cost per pound/453.6 grams)
A13: 702411 | B13: Cupcakes, chocolate (cost per pound/453.6 grams)
... A146: 74717 | B146: Automotive diesel fuel, per gallon/3.785 liters
A147: 7471A | B147: Gasoline, all types, per gallon/3.785 liters
A148: FC1101 | B148: All uncooked ground beef, per lb. (453.6 gm)
A149: FC2101 | B149: All Uncooked Beef Roasts, per lb. (453.6 gm)
A150: FC3101 | B150: All Uncooked Beef Steaks, per lb. (453.6 gm)
A151: FC4101 | B151: All Uncooked Other Beef (Excluding Veal), per lb. (453.6 gm)
A152: FD2101 | B152: All Ham (Excluding Canned Ham and Luncheon Slices), per lb. (453.6 gm)
A153: FD3101 | B153: All Pork Chops, per lb. (453.6 gm)
A154: FD4101 | B154: All Other Pork (Excluding Canned Ham and Luncheon Slices), per lb. (453.6 gm)
A155: FF1101 | B155: Chicken breast, boneless, per lb. (453.6 gm)
A156: FL2101 | B156: Lettuce, romaine, per lb. (453.6 gm)

Sheet Dates
A1: period | B1: period_abbr | C1: period_name
A2: M01 | B2: JAN | C2: January
A3: M02 | B3: FEB | C3: February
A4: M03 | B4: MAR | C4: March
A5: M04 | B5: APR | C5: April
A6: M05 | B6: MAY | C6: May
A7: M06 | B7: JUN | C7: June
A8: M07 | B8: JUL | C8: July
A9: M08 | B9: AUG | C9: August
A10: M09 | B10: SEP | C10: September
A11: M10 | B11: OCT | C11: October
A12: M11 | B12: NOV | C12: November
... A17: S03 | B17: AN AV | C17: Annual Average

Sheet Area
A1: area_code | B1: area_name
A2: 0 | B2: U.S. city average
A3: 100 | B3: Northeast urban
A4: 200 | B4: Midwest urban
A5: 300 | B5: South urban
A6: 400 | B6: West urban
A7: A000 | B7: City size A
A8: A100 | B8: Northeast Size A
A9: A101 | B9: New York-Northern New Jersey-Long Island, NY-NJ-CT-PA
A10: A102 | B10: Philadelphia-Wilmington-Atlantic City, PA-NJ-DE-MD
A11: A103 | B11: Boston-Brockton-Nashua, MA-NH-ME-CT
A12: A104 | B12: Pittsburgh, PA
A13: A105 | B13: Buffalo-Niagara Falls, NY
A14: A106 | B14: Scranton, PA
A15: A200 | B15: Midwest Size A
A16: A207 | B16: Chicago-Gary-Kenosha, IL-IN-WI
A17: A208 | B17: Detroit-Ann Arbor-Flint, MI
A18: A209 | B18: St. Louis, MO-IL
... A60: X400 | B60: West Size B/C

Sheet About
A1: Average Price Data (AP)
A2: ap.txt
A4: Section Listing
A6: 1. Survey Definition
A7: 2. FTP files listed in the survey directory
A8: 3. Time series, series file, data file, & mapping file definitions and relationships
A9: 4. Series file format and field definitions
A10: 5. Data file format and field definitions
A11: 6. Mapping file formats and field defintions
A12: 7. Data Element Dictionary
A14: ===================================================================================
A15: Section 1
... A50: following the reference month.
